 Dungeon Crawl Stone Soup version 0.29-a0-824-gd827844252 (webtiles) character file.

Game seed: 12410048230452207099

1808 jimonade the Trooper (level 9, -20/72 HPs)
             Began as a Formicid Fighter on July 9, 2022.
             Was an Initiate of Okawaru.
             Killed from afar by Maggie (23 damage)
             ... with a bolt of fire
             ... on level 6 of the Dungeon.
             The game lasted 00:22:42 (6475 turns).

jimonade the Trooper (Formicid Fighter)             Turns: 6475, Time: 00:22:43

Health: -20/72     AC: 15    Str: 27    XL:     9   Next: 31%
Magic:  15/15      EV:  7    Int: 18    God:    Okawaru [......]
Gold:   337        SH:  5    Dex: 13    Spells: 16/16 levels left

rFire   . . .      SeeInvis +   a - +0 quarterstaff
rCold   . . .      Faith    .   c - +0 buckler
rNeg    . . .      Spirit   .   y - +2 plate armour {Will+}
rPois   .          Reflect  .   (helmet unavailable)
rElec   .          Harm     .   (no cloak)
rCorr   .          Rampage  .   (no gloves)
Will    +....                   J - +0 pair of boots
Stlth   ..........              (no amulet)
HPRegen 0.22/turn               S - +6 ring of strength
MPRegen 0.14/turn               H - +6 ring of intelligence

@: mighty, mesmerised
A: permanent stasis, dig shafts and tunnels, antennae 3, four strong arms
a: Dig, Shaft Self, Renounce Religion


You were on level 6 of the Dungeon.
You worshipped Okawaru.
Okawaru was noncommittal.
You visited 1 branch of the dungeon, and saw 6 of its levels.

You collected 337 gold pieces.

Inventory:

Hand Weapons
 a - a +0 quarterstaff (weapon)
 b - a +0 sling
 j - a +0 quarterstaff
 r - a +2 dagger of holy wrath
 F - a +0 whip of flaming
 I - a +2 scythe of venom
 L - a +3 short sword
 N - a +2 dagger of protection
 O - a +0 short sword of speed
 P - a +1 dagger of draining
 Q - a +3 long sword
 T - a +0 giant club
Missiles
 k - 2 datura-tipped darts
 m - 40 stones
 u - 13 poisoned darts
 K - 4 throwing nets
 V - 2 boomerangs
Armour
 c - a +0 buckler (worn)
 o - a +0 ring mail
 y - a +2 plate armour of willpower (worn)
 B - a +0 scale mail
 J - a +0 pair of boots (worn)
 W - a +0 plate armour
Jewellery
 e - a ring of ice
 G - the ring "Adosch" {Wiz Str+2}
   (You found it on level 4 of the Dungeon)

   [ring of wizardry]

   It improves your spell success rate.
   Str:       It affects your strength (+2).
 H - a +6 ring of intelligence (right hand)
 S - a +6 ring of strength (left hand)
Wands
 R - a wand of charming (8)
Scrolls
 f - a scroll of vulnerability {unknown}
 g - 2 scrolls of poison {unknown}
 i - a scroll of acquirement {unknown}
 l - a scroll of magic mapping {unknown}
 p - 3 scrolls of enchant armour {unknown}
 q - 8 scrolls of identify {unknown}
 v - 2 scrolls of fog {unknown}
 w - 2 scrolls of fear {unknown}
 C - a scroll of immolation {unknown}
 D - a scroll of blinking {unknown}
 E - 6 scrolls of teleportation {unknown}
 M - a scroll of brand weapon {unknown}
 U - a scroll of noise {unknown}
Potions
 d - a potion of might
 h - 2 potions of brilliance {unknown}
 n - a potion of resistance {unknown}
 s - a potion of degeneration {unknown}
 t - a potion of invisibility {unknown}
 x - 4 potions of attraction {unknown}
 z - 2 potions of heal wounds {unknown}
 A - a potion of magic {unknown}
 X - a potion of curing {unknown}


   Skills:
 * Level 7.3 Fighting
 + Level 6.4 Staves
 - Level 2.0 Ranged Weapons
 + Level 5.6 Armour
 + Level 4.9 Shields
 * Level 4.3 Spellcasting
 * Level 3.0 Hexes


You had 16 spell levels left.
You didn't know any spells.
Your spell library contained the following spells:

 Spells                   Type           Power      Damage    Failure   Level
 Confusing Touch          Hex            14%        N/A       86%         3
 Shock                    Conj/Air       12%        1d3       89%         1
 Passwall                 Tmut/Erth      2%         N/A       96%         2
 Airstrike                Air            1%         0-2+      100%        4
 Yara's Violent Unravell  Hex/Tmut       4%         3d4       100%        5
 Enfeeble                 Hex            7%         N/A       100%        7
 Swiftness                Air            Unusable   N/A       N/A         3

Dungeon Overview and Level Annotations

Branches:
Dungeon (6/15)             Temple (0/1) D:6

Altars:
Makhleb
Okawaru
Sif Muna
Trog
Yredelemnul
Zin
The Shining One

Annotations:
D:6 Maggie


Innate Abilities, Weirdness & Mutations

You cannot be hasted, slowed, berserked, paralysed or teleported.
You can dig through walls and to a lower floor.
You have a pair of large antennae on your head. (SInv)
Your four strong arms can wield two-handed weapons with a shield.


Message History

The floor.
You hit Maggie but do no damage.
Maggie hits you with a +1 scimitar of flaming!
Maggie burns you.
You hit Maggie but do no damage.
Maggie zaps a wand.
The roots erupt in riotous growth!
The grasping roots grab you!
Maggie is unaffected.
The grasping roots constrict you.
You hit Maggie but do no damage. Maggie hits you but does no damage.
The grasping roots constrict you.
You sock Maggie!
Maggie is lightly wounded.
Maggie casts a spell.
Maggie attempts to bespell you! You resist with some effort.
The grasping roots constrict you.
The grasping roots release their grip on you.
You barely miss Maggie.
Maggie is lightly wounded.
Maggie hits you with a +1 scimitar of flaming!
Maggie burns you.
You thump Maggie!
Maggie is heavily wounded.
Maggie points at you and mumbles some strange words.
The bolt of fire hits you!!
* * * LOW HITPOINT WARNING * * *
You sock Maggie!
Maggie is heavily wounded.
Maggie gestures wildly while chanting.
Maggie attempts to bespell you!
You are mesmerised by Maggie!
You hit Maggie.
Maggie is heavily wounded.
Maggie hits you with a +1 scimitar of flaming!
* * * LOW HITPOINT WARNING * * *
Maggie burns you.
* * * LOW HITPOINT WARNING * * *
You feel very mighty all of a sudden. Maggie gestures at you while chanting.
The bolt of fire hits you!!
You die...

........ { .......
.....# #.# ....####.#
##+######
......#.###........
.......#..........
#@##....[.........
#@##..........)...
#.##..............
#.####.##........###.##
#......................
#####............###...
...........##...###...
#.##.............[.....
.....#+##########....
....... #....


You could see Maggie (mesmerising).

Vanquished Creatures
  Pikel (D:4)
  Sigmund (D:5)
  A water moccasin (D:6)
  An orc warrior (D:6)
  2 ogres
  A phantom (D:3)
  A kobold brigand (D:6)
  A scorpion (D:4)
  7 wights
  2 hounds
  An iguana (D:5)
  An orc wizard (D:6)
  8 adders
  5 dart slugs
  3 orcs
  10 bats
  2 endoplasms
  3 giant cockroaches
  4 hobgoblins
  7 jackals
  6 ball pythons
  2 frilled lizards
  4 goblins
  7 kobolds
  8 rats
89 creatures vanquished.

Vanquished Creatures (others)
  13 plants (D:6)
13 creatures vanquished.

Grand Total: 102 creatures vanquished

Notes
Turn   | Place    | Note
-------+----------+-------------------------------------------
     0 | D:1      | jimonade the Formicid Fighter began the quest for the Orb.
     0 | D:1      | Reached XP level 1. HP: 18/18 MP: 1/1
   306 | D:1      | Reached XP level 2. HP: 20/25 MP: 2/2
   766 | D:1      | Reached skill level 4 in Fighting
  1017 | D:2      | Reached XP level 3. HP: 30/30 MP: 3/3
  1106 | D:2      | Reached skill level 1 in Spellcasting
  1106 | D:2      | Reached XP level 4. HP: 37/37 MP: 5/5
  1933 | D:3      | Found a faded altar of an unknown god.
  1940 | D:3      | Noticed a phantom
  1959 | D:3      | Killed a phantom
  1960 | D:3      | Reached XP level 5. HP: 37/43 MP: 7/7
  2660 | D:4      | Noticed a lemure
  2660 | D:4      | Noticed a lemure
  2661 | D:4      | Noticed Pikel
  2693 | D:4      | Noticed a lemure
  2700 | D:4      | Noticed a lemure
  2708 | D:4      | Killed Pikel
  2709 | D:4      | Reached skill level 5 in Fighting
  2709 | D:4      | Reached skill level 1 in Ranged Weapons
  2709 | D:4      | Reached XP level 6. HP: 13/52 MP: 8/10
  2709 | D:4      | Reached XP level 7. HP: 14/57 MP: 8/11
  3186 | D:4      | Identified the ring "Adosch" {Wiz Str+2}
  3485 | D:4      | Reached XP level 8. HP: 61/64 MP: 12/12
  3617 | D:5      | Entered Level 5 of the Dungeon
  4196 | D:5      | Noticed Sigmund
  4227 | D:5      | Killed Sigmund
  4228 | D:5      | Reached skill level 6 in Fighting
  4228 | D:5      | Reached skill level 5 in Staves
  4228 | D:5      | Reached skill level 1 in Hexes
  4573 | D:5      | Found a burning altar of Makhleb.
  4573 | D:5      | Found a basalt altar of Yredelemnul.
  4574 | D:5      | Found a glowing silver altar of Zin.
  4641 | D:5      | Found a glowing golden altar of the Shining One.
  4641 | D:5      | Found an iron altar of Okawaru.
  5159 | D:5      | Became a worshipper of Warmaster Okawaru
  5259 | D:6      | Reached skill level 5 in Armour
  5549 | D:6      | Reached XP level 9. HP: 52/71 MP: 13/15
  5862 | D:6      | Found a staircase to the Ecumenical Temple.
  5896 | D:6      | Reached skill level 7 in Fighting
  6063 | D:6      | Found a shimmering blue altar of Sif Muna.
  6084 | D:6      | Got Sif Muna's Directory of Metal
  6096 | D:6      | Found a bloodstained altar of Trog.
  6465 | D:6      | Noticed Maggie
  6474 | D:6      | HP: 2/72 [Maggie/+1 scimitar of flaming (4)]
  6475 | D:6      | Killed from afar by Maggie

Illustrated notes

Levels and vault maps discovered:
D:1:      dpeg_arrival_solitude, layout_basic, serial_park_tiny_2
D:2:      layout_basic
D:3:      layout_basic, basic_ecumenical_altar
D:4:      layout_basic, uniq_pikel
D:5:      layout_cave_pods, gammafunk_temple_overflow_claw,
          nicolae_overflow_two_pavilions, uniq_sigmund
D:6:      layout_basic, nzn_overflow_gifts_of_might_and_magic,
          minmay_temple_entry_mist, serial_glass, glass_columns_a,
          glass_columns_c, feat_on_display, item_on_display_a, feat_on_display,
          lexackson_kobold_supper, uniq_maggie

Skill      XL: |  1  2  3  4  5  6  7  8  9 |
---------------+----------------------------+-----
Fighting       | 4 5 6 7 |  7.3
Spellcasting   | 1 3 4 |  4.3
Staves         | 3 4 6 |  6.4
Ranged Weapons | 1 2 |  2.0
Armour         | 4 5 |  5.6
Hexes          | 2 3 |  3.0
Shields        | |  4.9

Action                   |  1- 3 |  4- 6 |  7- 9 || total
-------------------------+-------+-------+-------++-------
Melee: Quarterstaff      |    67 |   120 |   146 ||   333
 Fire: Sling             |       |    13 |    24 ||    37
 Abil: Dig               |       |     1 |       ||     1
  Use: Potion            |       |     1 |     1 ||     2
Armor: Scale mail        |    26 |       |       ||    26
       Ring mail         |       |    29 |       ||    29
       Plate armour      |       |    44 |    40 ||    84
Dodge: Dodged            |    39 |    44 |    26 ||   109
Block: Buckler           |    16 |    35 |    23 ||    74

Table legend: (Time is in decaauts)
 A = Elapsed time spent in this place.
 B = Non-inter-level travel time spent in this place.
 C = Inter-level travel time spent in this place.
 D = Time resting spent in this place.
 E = Time spent auto-exploring this place.
 F = Levels seen in this place.
 G = Mean time per level.
                   A        B        C        D        E       F      G
               +--------+--------+--------+--------+--------+-----+--------+
         Total |   6524 |   6383 |    141 |   1040 |   3974 |   6 | 1087.3 |
       Dungeon |   6524 |   6383 |    141 |   1040 |   3974 |   6 | 1087.3 |
               +--------+--------+--------+--------+--------+-----+--------+

Top non-repeatable levels by time:
     D:4: 1596 daAuts
     D:6: 1278 daAuts
     D:5: 1244 daAuts
     D:1: 1018 daAuts
     D:3: 774 daAuts
     D:2: 611 daAuts
